ThisIsTheSuxx0r, neutral female scurrid Tourist }}}}}}}}}}}}}}}}}}}} }}}}}}}}}}}}}}}}}}}}}}}}}}}}}} }}}}.}}}}}}}}}}}}} }}}}}}}}}}}}}}}.}}}}}}} #.}}}}}}}}}}}}}}} .}}}}}}}}.}}}.. }}}}}}}}}}..}}}} #.}}}}}}...# #..}}}}}.I.}}}}}.....# #......}}}}..# .}}%}}}.}}...}}}}}.# .....} #.}}}}<.. }}}}.# }}}}}}}}}}..# # }}}}}}}}}# }}}..} }}%.... }}}}}}}}}}}} }}}}}}}} # ..... }}}}}}}}}.}}}}}} }}}}}}}}}} # }}}}}}}}}}....}}}}} # }...}}}}}}} ..}}}}}}}}}}}.#...}}} # ...}}}}}}}}} }}}}....}}}}}}}. .}}.}}} # .}}}}}.# }}}}}}}}. #..}}}} }}}}}}}} # }}}.... .}..}}}}}}} # ....}} }}}}}}}.. }.}}}}} #.}...}.. #.#.}} }}.}}}}}}} }}}}..# }..}}}.. }}} }}...}}}}}} ...# }}}}}..}} .!} }}}.#..}}}} .. }}}}}}} }}} }}}} }.}}}}} }}}}} }}}} }}}}}} }}}}}}} ThisIsTheSuxx0r the Rambler Experience level: 1 Strength: 12 Dexterity: 8 Constitution: 14 Intelligence: 13 Wisdom: 11 Charisma: 17 Health: 0(9) Energy: 2(2) Def: 0 Gold: 723 Moves: 52 Dungeon seed: bADllcSiJeqyrpAW Game ID: ThisIsTheSuxx0r_1498232465 Your Inventory: Coins $ - 723 gold pieces Weapons a - 45 uncursed +2 darts (in quiver) Armor e - an uncursed +0 Hawaiian shirt (being worn) Comestibles b - 2 uncursed food rations c - an uncursed tin of kobold meat d - an uncursed banana f - 4 uncursed pancakes g - an uncursed chestnut h - an uncursed fortune cookie i - an uncursed lembas wafer j - 2 uncursed candy bars Scrolls m - 3 uncursed scrolls of magic mapping n - a blessed scroll of magic mapping Potions k - an uncursed potion of extra healing l - a blessed potion of extra healing Wands q - an uncursed wand of secret door detection (0:14) Tools o - an uncursed expensive camera (0:91) p - an uncursed credit card r - an uncursed leash Spells and supernatural/magical abilities: Name Level Category Fail Memory W - pray for help -- divine ? -- Your skills at the end: Miscellaneous Skills wands [Basic] Weapon Skills dart [Basic] Spellcasting Skills Final Attributes: You were devoutly aligned. You were blinded. You had infravision. You were very stealthy. You are dead. Voluntary challenges: You went without food. You did not adorn yourself with jewelry or accessories. You did not cause conflict. You were not invisible. You did not have reflection. You were not displaced. You were an atheist. You never hit with a wielded weapon. You were a pacifist. You did not use tools. You did not use plumbed fixtures. You did not drink any magical draughts. You were illiterate. You never genocided any monsters. You never polymorphed an object. You never changed form. You used no wishes. You never split a pudding. You never wrote Elbereth's name. You never violated your personal moral code. Dungeon overview: The Dungeons of Doom: levels 1 to 23 Level 1 a long staircase Level 2 a fountain Level 3 Level 4 Level 5 Level 6 a fountain Level 7 Level 8 Level 9 Level 10 a long staircase Level 11 Level 12 Level 13 Level 14 Level 15 Level 16 Level 17 Level 18 Level 19 Level 20 an armor shop Level 21 Level 22 Level 23 <- You were here many trees History has recorded: On T:1 you entered the Dungeons of Doom to retrieve the Amulet of Yendor! On T:4 you reached level 2 of The Dungeons of Doom. On T:6 you reached level 3 of The Dungeons of Doom. On T:8 you reached level 4 of The Dungeons of Doom. On T:10 you reached level 5 of The Dungeons of Doom. On T:13 you reached level 6 of The Dungeons of Doom. On T:15 you reached level 7 of The Dungeons of Doom. On T:17 you reached level 8 of The Dungeons of Doom. On T:19 you reached level 9 of The Dungeons of Doom. On T:22 you reached level 10 of The Dungeons of Doom. On T:24 you reached level 11 of The Dungeons of Doom. On T:26 you reached level 12 of The Dungeons of Doom. On T:28 you reached level 13 of The Dungeons of Doom. On T:31 you reached level 14 of The Dungeons of Doom. On T:33 you reached level 15 of The Dungeons of Doom. On T:35 you reached level 16 of The Dungeons of Doom. On T:35 you entered the Rogue tribute level. On T:37 you reached level 17 of The Dungeons of Doom. On T:40 you reached level 18 of The Dungeons of Doom. On T:42 you reached level 19 of The Dungeons of Doom. On T:44 you reached level 20 of The Dungeons of Doom. On T:49 you reached level 22 of The Dungeons of Doom. On T:51 you reached level 23 of The Dungeons of Doom. Score breakdown: Gold: 599 ( 59 points) Experience: 1 level ( 0 points) Exploration: 23 levels ( 660 points) Discoveries: 0 items ( 0 points) Variety of kills: 0 monsters ( 0 points) Major goal: (nothing yet) ( 0 points) Survival: died (score multiplied by 3) Total score: 2157 Latest messages: You owe Something 60 zorkmids for goods lost. You escaped the shop without paying! You stole 60 zorkmids worth of merchandise. An alarm sounds! The Keystone Kops are after you! You start digging downward. You continue digging downward. You dig a pit in the floor. You continue digging downward. You dig a hole through the floor. You fall through... You hear some noises in the distance. You start digging downward. You continue digging downward. You dig a pit in the floor. You continue digging downward. You dig a hole through the floor. You fall through... The raven pecks! The raven blinds you! You start digging downward. Something pecks! You die... Final status: Aloha ThisIsTheSuxx0r the Tourist, killed by a raven... You died in The Dungeons of Doom on dungeon level 23 with 2157 points, and 723 pieces of gold, after 52 moves. You were level 1 with a maximum of 9 hit points when you died.